 Dungeon Crawl Stone Soup version 0.21-a0-582-g1b93aee (webtiles) character file.

507 Gaball the Ruffian (level 6, -2/48 HPs)
             Began as a Demonspawn Chaos Knight on Dec 19, 2017.
             Slain by a porcupine (3 damage)
             ... on level 5 of the Dungeon.
             The game lasted 00:07:52 (2992 turns).

Gaball the Ruffian (Demonspawn Chaos Knight)        Turns: 2992, Time: 00:07:52

Health: -2/48      AC:  6    Str: 23    XL:     6   Next: 97%
Magic:  6/6        EV: 11    Int: 15    God:    Xom [....*.]
Gold:   111        SH:  0    Dex: 12    Spells: 5/5 levels left

rFire    . . .     SeeInvis +     - Unarmed
rCold    + . .     Gourm    .   (no shield)
rNeg     . . .     Faith    .   a - +2 leather armour
rPois    .         Spirit   .   (helmet restricted)
rElec    .         Reflect  .   (no cloak)
rCorr    .         Harm     .   (no gloves)
MR       .....                  s - +0 pair of boots
Stlth    +++.......             o - amulet of magic regeneration
HPRegen  0.16/turn              e - +3 ring of strength
MPRegen  0.35/turn              (no ring)

@: mighty, cleaving
A: horns 1, see invisible, blink, clever 1, cold resistance 1, nightstalker 2,
sense surroundings 1
a: Blink, Renounce Religion


You were on level 5 of the Dungeon.
You worshipped Xom.
You were a beloved toy of Xom.
You were not hungry.

You visited 1 branch of the dungeon, and saw 5 of its levels.

You collected 111 gold pieces.

Inventory:

Armour
 a - a +2 leather armour (worn)
 s - a +0 pair of boots (worn)
Jewellery
 e - a +3 ring of strength (left hand)
 o - an amulet of magic regeneration (around neck)
Wands
 n - a wand of iceblast (9)
 t - a wand of random effects (23)
 v - a wand of polymorph (13)
Scrolls
 g - a scroll of amnesia {unknown}
 h - 5 scrolls of identify {unknown}
 j - a scroll of enchant armour {unknown}
 k - a scroll of fog {unknown}
 m - a scroll of teleportation {unknown}
 p - 3 scrolls of remove curse {unknown}
 q - a scroll of magic mapping {unknown}
Potions
 c - a potion of curing {unknown}
 d - a potion of berserk rage {unknown}
 f - 2 potions of cancellation
 i - a potion of might
 l - a potion of heal wounds {unknown}
 r - 2 potions of magic {unknown}
 u - 2 potions of ambrosia {unknown}
Comestibles
 b - 9 rations


   Skills:
 + Level 3.6 Fighting
 - Level 1.7 Armour
 - Level 0.8 Dodging
 - Level 0.1 Stealth
 + Level 7.0 Unarmed Combat


You had 5 spell levels left.
You didn't know any spells.

Dungeon Overview and Level Annotations

Branches:
Dungeon (5/15)
 Temple: D:4-7

Altars:
Cheibriados
Xom

Annotations:
D:4 1 exclusion, Blork the orc, Ijyb, Menkaure


Innate Abilities, Weirdness & Mutations

You have a pair of small horns on your head.
Your flesh is cold resistant. (rC+)
You are significantly more attuned to the shadows.
You have supernaturally acute eyesight. (SInv)
You can translocate small distances at will.
Your mind is acute. (Int +2)
You passively map a small area around you.


Message History

You are struck by the porcupine's spines.
You barely miss the porcupine. Your headbutt misses the porcupine.
The porcupine bites you! The porcupine bites you. The porcupine bites you.
The porcupine bites you.
* * * LOW HITPOINT WARNING * * *
You closely miss the porcupine. The porcupine bites you.
* * * LOW HITPOINT WARNING * * *
It was a potion of cancellation.
You feel magically purged.
Xom thinks this is hilarious!
Xom smiles on you.
Your hands look sharp.
The porcupine bites you!
* * * LOW HITPOINT WARNING * * *
It was a potion of might.
You feel very mighty all of a sudden. Xom grants you insight.
You detect items!
The porcupine bites you.
You die...
Xom guffaws!

#######§#.#
#(§§§§§§... * *
#.#####§#.# * #.#
###..., *
######.####....#,
,,
.......#.......# #
*
######.#.......#.#
#.#...>...#.#
#....r@.....#
#.#.......##*
#.#.....<.# ,
#.#.......# * **
#.####.#### ,,...
...# * * * #.#####
* * , *


You could see a porcupine.

Vanquished Creatures
  Duvessa (D:4)
  A slave (D:4)
  Dowan (D:4)
  A scorpion (D:4)
  A worker ant (D:4)
  Robin (D:4)
  4 adders
  An adder skeleton (D:4)
  A worm (D:4)
  6 leopard geckos
  11 orcs
  A ball python (D:1)
  4 bats
  3 giant cockroaches
  13 goblins
  7 hobgoblins
  4 frilled lizards
  9 kobolds
  A leopard gecko zombie (D:4)
  6 rats
77 creatures vanquished.

Vanquished Creatures (collateral kills)
  The ghost of Thaneod the Magician, an amateur DEWz (D:3)
  An ogre (D:3)
  2 orcs (D:3)
  A giant cockroach (D:3)
  2 goblins (D:3)
  A hobgoblin (D:3)
8 creatures vanquished.

Grand Total: 85 creatures vanquished

Notes
Turn   | Place    | Note
-------+----------+-------------------------------------------
     0 | D:1      | Gaball the Demonspawn Chaos Knight began the quest for the Orb.
     0 | D:1      | Reached XP level 1. HP: 18/18 MP: 1/1
   150 | D:1      | XOM: potion effect (agility)
   155 | D:1      | Gained mutation: You are slightly more attuned to the shadows. [demonic ancestry]
   155 | D:1      | Reached XP level 2. HP: 24/24 MP: 2/2
   261 | D:1      | XOM: harmless Fire miscast
   434 | D:1      | XOM: god gift: scroll labeled KORRIA MULYUB {god gift}
   503 | D:1      | XOM: scenery: create altars
   643 | D:1      | XOM: give mutations
   643 | D:1      | Gained mutation: You have supernaturally acute eyesight. (SInv) [Xom's grace]
   643 | D:1      | Gained mutation: Your mind is acute. (Int +2) [Xom's grace]
   643 | D:1      | Gained mutation: You passively map a small area around you. [Xom's grace]
   693 | D:1      | Reached skill level 3 in Unarmed Combat
   716 | D:2      | Found a snail-covered altar of Cheibriados.
   737 | D:2      | XOM: noise
   749 | D:2      | XOM: 10-stop teleportation journey
   862 | D:2      | XOM: 9-stop teleportation journey
  1008 | D:2      | Gained mutation: You are significantly more attuned to the shadows. [demonic ancestry]
  1008 | D:2      | Reached XP level 3. HP: 28/29 MP: 3/3
  1201 | D:2      | XOM: give mutation
  1201 | D:2      | Gained mutation: You can translocate small distances at will. [Xom's grace]
  1355 | D:3      | Noticed Thaneod's ghost (amateur DEWz)
  1363 | D:3      | XOM: confuse monster(s)
  1369 | D:3      | Killed Thaneod's ghost
  1369 | D:3      | Reached skill level 4 in Unarmed Combat
  1369 | D:3      | Reached XP level 4. HP: 35/36 MP: 4/4
  1418 | D:3      | Found a faded altar of an unknown god.
  1550 | D:3      | Noticed an ogre
  1647 | D:3      | XOM: scenery: create altars
  1689 | D:3      | XOM: harmless Ice miscast
  1767 | D:3      | XOM: summons 4 friendly demons
  1775 | D:3      | Killed an ogre
  1775 | D:3      | Reached skill level 5 in Unarmed Combat
  1775 | D:3      | Gained mutation: You have a pair of small horns on your head. [demonic ancestry]
  1775 | D:3      | Reached XP level 5. HP: 38/41 MP: 5/5
  1914 | D:3      | XOM: harmless Hex miscast
  1941 | D:4      | Noticed Robin
  1970 | D:4      | Killed Robin
  1992 | D:4      | Noticed Duvessa
  2002 | D:4      | Noticed Dowan
  2012 | D:4      | Killed Duvessa
  2012 | D:4      | Reached skill level 6 in Unarmed Combat
  2012 | D:4      | Gained mutation: Your flesh is cold resistant. (rC+) [demonic ancestry]
  2012 | D:4      | Reached XP level 6. HP: 22/47 MP: 6/6
  2192 | D:4      | Killed Dowan
  2295 | D:4      | XOM: potion effect (haste)
  2356 | D:4      | Noticed Ijyb
  2356 | D:4      | Noticed Blork the orc
  2384 | D:4      | XOM: cloud trail
  2414 | D:4      | Paralysed by you for 4 turns
  2506 | D:4      | XOM: harmless Fire miscast
  2590 | D:4      | Noticed a slave
  2591 | D:4      | Noticed a slave
  2635 | D:4      | Noticed Menkaure
  2635 | D:4      | XOM: fog
  2642 | D:4      | XOM: divination: detect items
  2673 | D:4      | Noticed a slave
  2673 | D:4      | Noticed a slave
  2675 | D:4      | XOM: fog
  2710 | D:4      | Killed a slave
  2943 | D:5      | Entered Level 5 of the Dungeon
  2946 | D:5      | Reached skill level 7 in Unarmed Combat
  2972 | D:5      | XOM: fog
  2974 | D:5      | Noticed a porcupine
  2974 | D:5      | a centaur changed into a porcupine
  2974 | D:5      | XOM: polymorph centaur -> porcupine
  2991 | D:5      | XOM: cleaving
  2991 | D:5      | HP: 1/48 [porcupine (9)]
  2992 | D:5      | XOM: divination: detect items
  2992 | D:5      | Slain by a porcupine

Vault maps used:
D:1:      dpeg_arrival_oval
D:2:      cheibriados_altar_1
D:3:      chequers_ecumenical_altar_simple_redux, serial_bayou_pond_e
D:4:      first_ration, nrook_loot_triangle, roderic_roman_lattice,
          uniq_duvessa, uniq_robin, uniq_ijyb, uniq_menkaure, uniq_pikel,
          uniq_blork_the_orc
D:5:      portal_sewer_entry_e, uniq_edmund, uniq_crazy_yiuf_cottage

Skill      XL: |  1  2  3  4  5  6 |
---------------+-------------------+-----
Unarmed Combat | 3 4 5 6 7 |  7.0
Fighting       | |  3.6
Armour         | |  1.7
Dodging        | |  0.8
Stealth        | |  0.1

Action                   |  1- 3 |  4- 6 || total
-------------------------+-------+-------++-------
Melee: Unarmed           |   119 |   191 ||   310
       Punch             |     2 |     8 ||    10
       Headbutt          |       |    24 ||    24
Evoke: Wand              |       |     8 ||     8
  Use: Potion            |       |     2 ||     2
 Stab: Sleeping          |     5 |     9 ||    14
       Distracted        |     1 |     1 ||     2
       Confused          |     1 |       ||     1
  Eat: Chunk             |     1 |     6 ||     7
Armor: Leather armour    |    30 |    49 ||    79
Dodge: Dodged            |    63 |    87 ||   150

Table legend:
 A = Spawn XP
 B = Non-spawn XP
 C = Spawn XP percentage of total XP
 D = Spawn monster count
 E = Non-spawn monster count
 F = Spawn count percentage of total count
 G = Total turns spent on level
                    A         B        C        D         E        F      G
               +---------+---------+-------+---------+---------+-------+---------
         Total |       0 |     725 |   0.0 |       0 |      84 |   0.0 |  2992
               +---------+---------+-------+---------+---------+-------+---------
           D:1 |       0 |      26 |   0.0 |       0 |      15 |   0.0 |   716
           D:2 |       0 |      17 |   0.0 |       0 |      12 |   0.0 |   608
           D:3 |       0 |     267 |   0.0 |       0 |      32 |   0.0 |   764
           D:4 |       0 |     402 |   0.0 |       0 |      24 |   0.0 |   855
           D:5 |       0 |      13 |   0.0 |       0 |       1 |   0.0 |    49
               +---------+---------+-------+---------+---------+-------+---------
